Map: Zen LE

Players

tucker

  • Race: Terran Terran
  • League: Master
  • Spawn Location: 1:00

A.I. 1 (Very Easy) - Winner!

  • Race: Protoss Protoss
  • Spawn Location: 7:00

VOD

Have the link to the VOD?

Description

Time

  • Played on: April 12, 2020, 2:32 p.m.
  • Length: 6:24
Show
View Real Time Build Order
Export as new Build Order

tucker Terran 

Build Orders: Reaper Expand 

Get SALT Encoding   

  12  0:01  SCV  
  13  0:13  SCV  
  14  0:17  Supply Depot  
  14  0:25  SCV  
  15  0:39  SCV  
  15  0:41  Barracks  
  16  0:46  Refinery  
  16  0:51  SCV  
  17  1:03  SCV  
  18  1:15  SCV  
  19  1:27  Orbital Command  
  19  1:29  Reaper  
  20  1:41  Command Center  
  20  1:50  Supply Depot  
  20  1:53  SCV  
  21  2:01  Marine  
  21  2:07  SCV, Bunker  
  23  2:17  Factory  
  23  2:19  SCV  
  24  2:24  Barracks Reactor  
  24  2:29  Refinery  
  24  2:31  SCV  
  25  2:43  SCV  
  26  2:53  Orbital Command  
  26  2:55  SCV  
  27  3:02  Widow Mine  
  27  3:04  Marine x2  
  31  3:05  Starport  
  31  3:07  SCV  
  32  3:21  SCV x2  
  32  3:22  Marine x2  
  32  3:23  Widow Mine  
  38  3:33  SCV x2  
  40  3:41  Supply Depot  
  40  3:44  Widow Mine, Medivac  
  40  3:45  SCV, Marine  
  46  3:52  Barracks  
  46  3:57  Barracks  
  46  4:01  Engineering Bay  
  46  4:02  Marine  
  46  4:03  SCV  
  46  4:05  SCV, Refinery  
  46  4:09  Factory Tech Lab  
  49  4:13  Supply Depot  
  49  4:14  Starport Tech Lab  
  49  4:18  Marine  
  49  4:20  SCV x2, Marine  
  53  4:38  Factory Reactor  
  53  4:41  SCV x2  
  53  4:43  Supply Depot  
  53  4:44  Starport Reactor  
  53  4:45  Marauder  
  57  4:47  Marine x2  
  59  4:53  Combat Shield  
  59  4:54  Marauder  
  59  4:56  SCV  
  62  5:01  Supply Depot  
  62  5:05  SCV  
  63  5:07  Supply Depot  
  63  5:10  Marauder, Marine x2  
  67  5:17  Marauder  
  69  5:23  Widow Mine x2  
  69  5:25  Supply Depot  
  73  5:29  Supply Depot, Marine x2  
  73  5:34  Marauder  
  77  5:39  Marauder  
  77  5:42  SCV x2  
  81  5:44  Medivac  
  81  5:46  Medivac  
  81  5:47  Marine x2  
  87  5:50  Widow Mine  
  87  5:51  Widow Mine  
  87  5:55  Marauder  
  93  5:59  SCV  
  93  6:00  Marauder, SCV  
  99  6:16  Supply Depot  
Show
View Real Time Build Order
Export as new Build Order

A.I. 1 (Very Easy) Protoss - Winner!

Build Orders: 1 Gate Expand, Nexus First 

Get SALT Encoding   

  12  0:00  Probe  
  13  0:13  Probe  
  14  0:19  Pylon  
  14  0:43  Gateway  
  14  1:02  Nexus  
  14  1:20  Pylon  
  14  1:22  Zealot  
  14  1:23  Assimilator  
  16  1:37  Cybernetics Core  
  16  1:39  Probe  
  17  1:51  Probe  
  18  2:00  Assimilator  
  18  2:01  Probe  
  18  2:07  Stalker  
  19  2:09  Probe  
  22  2:16  Warp Gate  
  22  2:18  Probe  
  23  2:24  Probe  
  24  2:32  Probe  
  25  2:39  Probe  
  26  2:54  Probe  
  26  2:55  Assimilator  
  26  2:58  Pylon  
  27  3:01  Probe  
  27  3:05  Probe  
  29  3:15  Robotics Facility  
  29  3:16  Probe  
  29  3:19  Probe  
  31  3:29  Zealot  
  31  3:30  Probe  
  34  3:37  Probe  
  35  3:44  Probe  
  36  3:51  Probe  
  37  3:58  Probe  
  37  4:02  Observer  
  39  4:04  Probe  
  40  4:11  Probe  
  40  4:16  Probe  
  41  4:20  Assimilator  
  41  4:23  Probe  
  41  4:24  Observer  
  44  4:34  Probe  
  44  4:37  Pylon  
  45  4:41  Probe  
  45  4:42  Sentry  
  48  4:49  Probe  
  49  4:56  Probe  
Tags
 
Add a new tag
Caveats
  • Supply blocks, unpowered buildings, or Contaminate may cause inaccurate times.
  • Supply counts are checked every 10 seconds.